Map: Cerulean Fall LE

Players

Iceman

  • Race: Zerg Zerg
  • League: Diamond
  • Spawn Location: 7:00

Argetlames - Winner!

  • Race: Protoss Protoss
  • League: Master
  • Spawn Location: 1:00

VOD

Have the link to the VOD?

Description

Time

  • Played on: Dec. 15, 2018, 1:47 p.m.
  • Length: 7:30
Show
View Real Time Build Order
Export as new Build Order

Iceman Zerg 

Build Orders: Hatch First 

Get SALT Encoding   

  12  0:01  Drone  
  13  0:12  Overlord  
  13  0:17  Drone  
  14  0:30  Drone x2  
  16  0:51  Hatchery  
  16  0:54  Drone  
  16  0:56  Drone  
  17  1:00  Drone  
  18  1:10  Extractor  
  17  1:16  Spawning Pool  
  16  1:19  Drone  
  16  1:23  Drone  
  18  1:28  Drone  
  19  1:40  Overlord  
  19  2:03  Zergling x6  
  19  2:04  Queen x2  
  26  2:10  Drone  
  26  2:14  Zergling x2  
  28  2:20  Metabolic Boost  
  28  2:26  Spine Crawler  
  27  2:30  Spine Crawler  
  27  2:34  Zergling x2  
  27  2:36  Zergling x2  
  28  2:49  Drone x2, Spore Crawler  
  28  2:50  Drone  
  30  3:12  Drone x5  
  35  3:21  Spore Crawler  
  35  3:23  Drone x2  
  36  3:27  Overlord  
  36  3:28  Overlord  
  36  3:45  Drone x3  
  36  3:48  Lair  
  39  3:51  Drone  
  39  3:52  Roach Warren  
  39  3:54  Drone  
  40  3:56  Drone  
  40  3:58  Drone  
  40  4:01  Drone  
  40  4:02  Drone  
  43  4:21  Queen  
  43  4:31  Zergling x2  
  43  4:42  Zergling x4  
  45  4:51  Zergling x4  
  47  4:53  Zergling x2  
  47  4:55  Zergling x2  
  47  4:57  Queen  
  50  5:03  Zergling x6  
  37  5:23  Zergling x8  
  33  5:47  Drone x2  
  33  5:49  Drone  
  35  6:02  Hydralisk Den  
  34  6:06  Extractor  
  33  6:12  Extractor  
  30  6:22  Zergling x12  
  28  6:35  Drone  
  28  6:52  Hydralisk  
Show
View Real Time Build Order
Export as new Build Order

Argetlames Protoss - Winner!

Build Orders:  

Get SALT Encoding   

  12  0:01  Probe  
  13  0:13  Probe  
  14  0:17  Pylon  
  14  0:25  Probe  
  15  0:36  Gateway  
  15  0:39  Probe  
  16  0:46  Assimilator  
  16  0:51  Probe  
  16  0:54  Assimilator  
  17  1:03  Probe  
  18  1:15  Probe  
  19  1:24  Cybernetics Core  
  19  1:27  Probe  
  20  1:36  Pylon  
  20  1:39  Probe  
  21  1:51  Probe  
  22  2:04  Probe, Robotics Facility  
  23  2:11  Robotics Facility  
  23  2:24  Pylon  
  23  2:30  Probe  
  23  2:34  Adept  
  30  2:51  Immortal  
  30  2:53  Immortal  
  34  3:19  Warp Prism  
  36  3:35  Pylon  
  36  3:44  Immortal  
  36  3:46  Immortal  
  44  4:40  Pylon  
  44  4:57  Immortal x2  
  52  5:28  Immortal x2  
  44  6:04  Immortal  
  44  6:07  Immortal  
  44  6:36  Immortal  
  44  6:46  Immortal  
Tags
 
Add a new tag
Caveats
  • Supply blocks, unpowered buildings, or Contaminate may cause inaccurate times.
  • Supply counts are checked every 10 seconds.